 Dungeon Crawl Stone Soup version 0.27.1-15-g792fb953b9 (webtiles) character file.

Game seed: 6943828900066192174

87 Descartes the Ducker (level 4, 0/25 HPs)
             Began as a Deep Elf Wanderer on Nov 19, 2021.
             Was an Initiate of Ashenzari.
             Succumbed to an adder's poison
             ... on level 3 of the Dungeon.
             The game lasted 00:05:19 (2745 turns).

Descartes the Ducker (Deep Elf Wanderer)            Turns: 2745, Time: 00:05:20

Health: 0/25       AC: 16    Str: 11    XL:     4   Next: 28%
Magic:  10/10      EV: 10    Int: 17    God:    Ashenzari [......]
Gold:   52         SH:  0    Dex: 13    Spells: 9/9 levels left

rFire    . . .     SeeInvis .   b - +0 falchion "Cursed With Me" {protect, Range, Elem} (curse)
rCold    . . .     Faith    .   (no shield)
rNeg     . . .     Spirit   .   h - +2 scale mail
rPois    .         Reflect  .   (no helmet)
rElec    .         Harm     .   o - +0 cloak
rCorr    .         Rampage  .   (no gloves)
Will     .....                  (no boots)
Stlth    +.........             (no amulet)
HPRegen  0.08/turn              (no ring)
MPRegen  0.12/turn              (no ring)

@: lethally poisoned (0 -> -1), under a protective aura
A: no striking features
a: Renounce Religion, Shatter the Chains


You were on level 3 of the Dungeon.
You worshipped Ashenzari.
Ashenzari was noncommittal.
You visited 1 branch of the dungeon, and saw 3 of its levels.

You collected 52 gold pieces.

Inventory:

Hand Weapons
 a - a +0 shortbow
 b - the cursed +0 falchion "Cursed With Me" (weapon) {protect, Range, Elem}
   (You found it on level 1 of the Dungeon)

   It grants its wielder temporary protection when it strikes (+7 to AC).
   It has a curse which improves the following skills: Ranged Combat: Slings,
   Bows, Crossbows and Throwing.
   Elements:  Fire Magic, Ice Magic, Air Magic and Earth Magic.
Missiles
 c - 48 arrows
 i - 15 bolts
 j - 36 stones (quivered)
Armour
 h - a +2 scale mail (worn)
 o - a +0 cloak (worn)
Scrolls
 d - a scroll of teleportation
 e - a scroll of magic mapping
 f - a scroll of summoning
 g - a scroll of identify
 k - a scroll of fear
 l - 2 scrolls of enchant armour
Potions
 m - 2 potions of lignification
 n - 2 potions of might


   Skills:
 - Level 1.0 Fighting
 - Level 4.0(4.5) Bows
 - Level 1.0 Armour
 + Level 4.8 Dodging
 - Level 2.4 Stealth
 - Level 3.0 Spellcasting
 - Level 1.1 Summonings


You had 9 spell levels left.
You didn't know any spells.
Your spell library contained the following spells:

 Spells                   Type           Power      Damage    Failure   Level
 Ozocubu's Armour         Ice            2%         N/A       97%         3
 Ozocubu's Refrigeration  Ice            1%         4d5       100%        7


Dungeon Overview and Level Annotations

Branches:
Dungeon (3/15)

Altars:
Ashenzari


Message History

You closely miss the adder.
You feel sick. The adder closely misses you. The adder completely misses you.
You barely miss the adder.
You feel sick. The adder closely misses you. The adder completely misses you.
You riposte.
You hit the adder.
Your weapon exudes an aura of protection.
The adder is heavily wounded.
You hit the adder.
The adder is heavily wounded.
You feel sick.
You are no longer poisoned.
The adder bites you.
You are too injured to fight recklessly!
You are too injured to fight recklessly!
You are too injured to fight recklessly!
An adder is nearby!
You are too injured to fight recklessly!
You hit the adder.
The adder is severely wounded.
The adder bites you. x2
* * * LOW HITPOINT WARNING * * *
You are poisoned.
The adder poisons you!
You barely miss the adder.
The adder is heavily wounded.
* * * LOW HITPOINT WARNING * * *
You feel sick.
The adder bites you but does no damage. x2
You barely miss the adder.
The adder is heavily wounded.
* * * LOW HITPOINT WARNING * * *
You feel sick. The adder bites you.
* * * LOW HITPOINT WARNING * * *
The adder bites you but does no damage.
You miss the adder.
The adder is heavily wounded.
* * * LOW HITPOINT WARNING * * *
You feel sick. The adder barely misses you.
You hit the adder.
Your weapon exudes an aura of protection.
The adder is almost dead.
You die...

### #..
#.# #.#
#.# #S#
#@# ##.##
#...######
#........#
#...####.#
########.#
#.†.#
##...#
#....#


You could see an adder.

Vanquished Creatures
  An adder (D:2)
  4 gnolls
  A dart slug (D:1)
  3 ball pythons
  3 bats
  2 endoplasms
  A giant cockroach (D:2)
  5 goblins
  A hobgoblin (D:2)
  3 jackals (D:2)
  5 kobolds
  A quokka (D:2)
  4 frilled lizards
  4 rats
38 creatures vanquished.

Notes
Turn   | Place    | Note
-------+----------+-------------------------------------------
     0 | D:1      | Descartes the Deep Elf Wanderer began the quest for the
                  | Orb.
     0 | D:1      | Descartes set off with the following items: a +0 shortbow,
                  | a +2 scale mail, 24 arrows, a scroll of teleportation, a +0
                  | dagger
     0 | D:1      | Reached XP level 1. HP: 12/12 MP: 6/6
    48 | D:1      | Reached skill level 1 in Dodging
   673 | D:1      | Reached XP level 2. HP: 1/16 MP: 8/8
  1621 | D:1      | Reached XP level 3. HP: 7/20 MP: 9/9
  2227 | D:2      | Reached XP level 4. HP: 21/25 MP: 10/10
  2650 | D:2      | Found a faded altar of an unknown god.
  2710 | D:2      | Became a worshipper of Ashenzari the Shackled
  2744 | D:3      | HP: 1/25 [poisoned by an adder]
  2745 | D:3      | Succumbed to an adder's poison

Illustrated notes

Levels and vault maps discovered:
D:1:      giann_bridges, layout_loops_ring, minivault_14
D:2:      layout_basic, ebering_ecumenical_altar_ruins, grunt_ministairs_13
D:3:      kennysheep_the_goblin_king, layout_loops_ring,
          lemuel_coloured_pillars_altar, old_standard_altar,
          kennysheep_big_empty_room, kennysheep_generic_room_10

Skill      XL: |  1  2  3 |
---------------+----------+-----
Dodging        | 2 3 4 |  4.8
Fighting       | |  1.0
Bows           | |  4.0
Armour         | |  1.0
Stealth        | |  2.4
Spellcasting   | |  3.0
Summonings     | |  1.1

Action                   |  1- 3 |  4- 6 || total
-------------------------+-------+-------++-------
Melee: Falchion          |    89 |    64 ||   153
 Fire: Shortbow          |     1 |       ||     1
Invok: Curse Item        |       |     1 ||     1
Armor: Scale mail        |    57 |    70 ||   127
Dodge: Dodged            |    56 |    68 ||   124
       Rpst.: Falchion   |    18 |    26 ||    44
